 Dungeon Crawl Stone Soup version 0.17-a0-1210-g1e4f09d (webtiles) character file.

236 sugabear the Skirmisher (level 6, 0/39 HPs)
             Began as a Gargoyle Fighter on June 4, 2015.
             Slain by a slave (1 damage)
             ... led by Pikel
             ... on level 4 of the Dungeon.
             The game lasted 00:04:15 (3101 turns).

sugabear the Skirmisher (Gargoyle Fighter)          Turns: 3101, Time: 00:04:15

Health: 0/39       AC: 11    Str: 26    XL:     6   Next: 6%
Magic:  6/6        EV:  8    Int:  9    God:
Gold:   170        SH: 10    Dex:  9    Spells: 0 memorised, 5 levels left

rFire  . . .     SeeInvis .     a - +0 war axe
rCold  . . .     Clarity  .     b - +0 scale mail
rNeg   + . .     SustAt   .     c - +0 shield
rPois  ∞         Gourm    .     (no helmet)
rElec  +         Spirit   .     (no cloak)
rCorr  .         Warding  .     (no gloves)
rMut   .         Stasis   .     (no boots)
MR     .....                    (no amulet)
Stlth  ..........               (no ring)
                                (no ring)

@: mighty, not resistant to hostile enchantments, extremely unstealthy
A: negative energy resistance 1, electricity resistance, unbreathing,
petrification resistance, rot immunity, AC +4
a: no special abilities


You were on level 4 of the Dungeon.
You were not hungry.

You visited 1 branch of the dungeon, and saw 4 of its levels.

You collected 170 gold pieces.

Inventory:

Hand weapons
 a - a +0 war axe (weapon)
 y - a +1 dagger of electrocution
Armour
 b - a +0 scale mail (worn)
 c - a +0 shield (worn)
 i - a +1 pair of boots
Jewellery
 o - an uncursed ring of protection from cold {unknown}
Scrolls
 j - 5 scrolls of identify {unknown}
 p - a scroll of recharging {unknown}
 u - 3 scrolls of remove curse {unknown}
 w - a scroll of enchant weapon {unknown}
 x - a scroll of amnesia {unknown}
 A - a scroll of enchant armour {unknown}
Potions
 f - a potion of mutation {unknown}
 g - 2 potions of lignification {unknown}
 k - a potion of invisibility {unknown}
 l - a potion of flight {unknown}
 q - a potion of degeneration {unknown}
 r - a potion of heal wounds {unknown}
 s - a potion of resistance {unknown}
 t - a potion of curing {unknown}
 v - a potion of brilliance {unknown}
 B - a potion of magic {unknown}
Books
 n - a Young Poisoner's Handbook

   Spells                             Type                      Level
   a - Sting                          Conjuration/Poison           1
   b - Cure Poison                    Poison                       2
   c - Mephitic Cloud                 Conjuration/Poison/Air       3
   d - Olgreb's Toxic Radiance        Poison                       4
   e - Venom Bolt                     Conjuration/Poison           5
Comestibles
 e - 6 bread rations
 h - 3 meat rations
 m - a royal jelly


   Skills:
 + Level 4.3 Fighting
 + Level 2.5 Axes
 + Level 4.2 Armour
 + Level 2.2 Dodging
 + Level 4.3 Shields


You had 5 spell levels left.
You didn't know any spells.

Dungeon Overview and Level Annotations

Branches:
Dungeon (4/15)
 Temple: D:4-7

Altars:
Ashenzari
Elyvilon
Fedhas
Kikubaaqudgha
The Shining One

Annotations:
D:4 Pikel


Innate Abilities, Weirdness & Mutations

You are resistant to torment.
Your stone body is resilient (AC +4).
You are immune to poison.
You resist negative energy.
You are resistant to electric shocks.
You can survive without breathing.
You are immune to petrification.
You are immune to rotting.


Message History

Pikel hits you but does no damage. The slave closely misses you.
You block the slave's attack.
Pikel says, "You'll feel the lick of my whip!"
Pikel hits you with a whip of freezing.
* * * LOW HITPOINT WARNING * * *
Pikel freezes you.
* * * LOW HITPOINT WARNING * * *
The slave barely misses you.
You closely miss Pikel.
Pikel is moderately wounded.
You miss the slave.
The slave is almost dead.
You barely miss the slave.
The slave is moderately wounded.
You block the slave's attack. Pikel hits you with a whip of freezing!
* * * LOW HITPOINT WARNING * * *
Pikel freezes you.
* * * LOW HITPOINT WARNING * * *
The slave hits you but does no damage. The slave hits you.
You die...

...... #..>. #...#
##...## ## #.....###
##.## ##....>..##
##...###...#.....###
#.....##[.##..)....#
##......@p###.....###
#.......pK# #÷<..##
##.......## ##..##
#.......# ####
#.......# ##......##
## ##......# ##..
##..#...# #....
##...##### #.....


You could see Pikel and 2 slaves.

Vanquished Creatures
  An ogre (D:4)
  A slave (D:4)
  6 adders
  An ooze (D:1)
  3 worms (D:2)
  6 orcs (D:3)
  2 ball pythons
  3 giant cockroaches
  7 goblins
  6 hobgoblins
  8 kobolds
  10 bats
  A giant newt (D:3)
  10 rats
65 creatures vanquished.

Notes
Turn   | Place    | Note
--------------------------------------------------------------
     0 | D:1      | sugabear the Gargoyle Fighter began the quest for the Orb.
     0 | D:1      | Reached XP level 1. HP: 14/14 MP: 1/1
   288 | D:1      | Reached XP level 2. HP: 19/19 MP: 2/2
   582 | D:1      | Reached XP level 3. HP: 20/24 MP: 3/3
   857 | D:2      | You fall through a shaft!
   889 | D:2      | Found a shattered altar of Ashenzari.
   937 | D:3      | Reached skill level 4 in Fighting
   962 | D:3      | Found a blossoming altar of Fedhas.
   962 | D:3      | Found an ancient bone altar of Kikubaaqudgha.
  1564 | D:2      | Reached XP level 4. HP: 25/29 MP: 4/4
  1675 | D:2      | Found a glowing golden altar of the Shining One.
  2461 | D:3      | Reached skill level 1 in Dodging
  2642 | D:3      | Found a white marble altar of Elyvilon.
  2783 | D:3      | Reached XP level 5. HP: 33/33 MP: 5/5
  2853 | D:4      | Noticed an ogre
  2862 | D:4      | Killed an ogre
  2862 | D:4      | Reached XP level 6. HP: 10/39 MP: 6/6
  3070 | D:4      | Noticed a slave
  3070 | D:4      | Noticed a slave
  3072 | D:4      | Noticed Pikel
  3073 | D:4      | Noticed a slave
  3073 | D:4      | Noticed a slave
  3099 | D:4      | Killed a slave
  3101 | D:4      | HP: 1/39 [Pikel/whip of freezing (2)]
  3101 | D:4      | Slain by a slave

Vault maps used:
D:1:      evilmike_arrival_crescent
D:2:      tso_altar, nicolae_overflow_hidden_temple
D:3:      grunt_temple_overflow_growth_and_decay, elyvilon_altar_5
D:4:      kennysheep_mini, kennysheep_generic_room_12, uniq_pikel

Action                   |  1- 3 |  4- 6 || total
-------------------------+-------+-------++-------
Melee: War axe           |    97 |   120 ||   217
  Use: Potion            |       |     1 ||     1
  Eat: Chunk             |     2 |     5 ||     7
